 Dungeon Crawl Stone Soup version 0.18-a0-750-g37044d6 (webtiles) character file.

1683 kosy22 the Shield-Bearer (level 9, -1/54 HPs)
             Began as a Gargoyle Fighter on Dec 11, 2015.
             Was an Initiate of Qazlal.
             Slain by a manticore (13 damage)
             ... on level 7 of the Dungeon.
             The game lasted 00:19:32 (6974 turns).

kosy22 the Shield-Bearer (Gargoyle Fighter)         Turns: 6974, Time: 00:19:32

Health: -1/54      AC: 17    Str: 22    XL:     9   Next: 2%
Magic:  9/9        EV:  7    Int: 14    God:    Qazlal [......]
Gold:   281        SH: 10    Dex:  9    Spells: 0 memorised, 8 levels left

rFire  . . .     SeeInvis .     B - +2 rapier (elec)
rCold  . . .     Clarity  .     m - +0 chain mail
rNeg   + . .     SustAt   .     c - +0 shield
rPois  ∞         Gourm    .     (no helmet)
rElec  +         Spirit   .     (no cloak)
rCorr  .         Dismiss  .     (no gloves)
rMut   .         Stasis   .     F - +0 pair of boots
MR     .....                    (no amulet)
Stlth  ..........               G - +4 ring of intelligence
                                r - ring of flight

@: manticore barbs, not resistant to hostile enchantments, extremely unstealthy
A: negative energy resistance 1, electricity resistance, unbreathing,
petrification resistance, rot immunity, AC +5
a: Renounce Religion, Evoke Flight


You were on level 7 of the Dungeon.
You worshipped Qazlal.
Qazlal was noncommittal.
You were not hungry.

You visited 2 branches of the dungeon, and saw 8 of its levels.

You collected 281 gold pieces.

Inventory:

Hand Weapons
 a - a +0 war axe
 B - a +2 rapier of electrocution (weapon)
Missiles
 j - 8 curare-tipped needles
 x - 7 needles of slowing
 E - 22 poisoned needles
Armour
 b - a +0 scale mail
 c - a +0 shield (worn)
 m - a +0 chain mail (worn)
 F - a +0 pair of boots (worn)
Jewellery
 r - a ring of flight (left hand)
 v - an uncursed ring of protection from cold
 z - an uncursed ring of fire
 A - an uncursed ring of flight
 G - a +4 ring of intelligence (right hand)
 I - a +2 ring of strength {unknown}
Wands
 t - a wand of polymorph (11)
 y - a wand of disintegration (1)
Scrolls
 e - a scroll of enchant weapon {unknown}
 f - 2 scrolls of fog {unknown}
 g - a scroll of noise {unknown}
 i - 5 scrolls of teleportation {unknown}
 l - 4 scrolls of remove curse {unknown}
 n - 5 scrolls of identify {unknown}
 o - a scroll of enchant armour {unknown}
 p - a scroll of recharging {unknown}
 w - 2 scrolls of immolation {unknown}
 H - a scroll of fear
Potions
 d - 3 potions of might
 h - 2 potions of heal wounds {unknown}
 k - a potion of curing {unknown}
 s - a potion of poison {unknown}
 C - a potion of resistance {unknown}
 J - a potion of agility {unknown}
 K - a potion of berserk rage {unknown}
Comestibles
 q - 3 meat rations
 u - 7 fruits
 D - a bread ration
 L - a slice of pizza


   Skills:
 + Level 5.4 Fighting
 + Level 2.4 Short Blades
 + Level 3.0 Axes
 + Level 6.5 Armour
 + Level 2.4 Dodging
 * Level 4.9 Stealth
 + Level 7.2 Shields


You had 8 spell levels left.
You didn't know any spells.

Dungeon Overview and Level Annotations

Branches:
Dungeon (7/15)             Temple (1/1) D:6

Altars:
Ashenzari
Cheibriados
Dithmenos
Elyvilon
Fedhas
Gozag
Kikubaaqudgha
Makhleb
Nemelex Xobeh
Okawaru
Pakellas
Qazlal
Ru
Sif Muna
Trog
Vehumet
Xom
Zin
The Shining One


Innate Abilities, Weirdness & Mutations

You are resistant to torment.
Your stone body is resilient (AC +5).
You are immune to poison.
You resist negative energy.
You are resistant to electric shocks.
You can survive without breathing.
You are immune to petrification.
You are immune to rotting.


Message History

Okay, then.
You hit the hound zombie.
There is a sudden explosion of sparks!
You block the hound zombie's attack.
You hit the hound zombie. You block the hound zombie's attack.
You hit the manticore.
There is a sudden explosion of sparks!
The manticore is moderately wounded.
You hit the manticore but do no damage.
The manticore is moderately wounded.
The hound zombie barely misses you. You block the manticore's attack.
The manticore claws you. x2
The orc hits you but does no damage. The hound zombie closely misses you.
You hit the manticore.
There is a sudden explosion of sparks!
The manticore is severely wounded.
The manticore bites you!
* * * LOW HITPOINT WARNING * * *
You block the manticore's attack. x2
The orc hits you but does no damage.
The hound zombie bites you but does no damage.
The manticore bites you!
You die...

###..... #######.....#
... ......#.....+ .....
......#.....# .....
......#.>...# .....
'####'#.....#######...
....................#
.........>..........#
................@...+
............)..ZHo..# .
....................# ..#
##......#########'###...#
.'......# .....$........#
.#......# .......)......#
^#......# .......)......#
.#......# ..............#
.#......# ..............#


You could see a manticore, an orc and a hound zombie.

Vanquished Creatures
  Eustachio (D:5)
  2 sky beasts
  4 orc warriors
  A crocodile (D:3)
  A centaur (D:6)
  A scorpion (D:7)
  3 wights (D:6)
  2 crimson imps
  2 giant frog skeletons
  2 orc priests
  3 orc wizards
  3 worker ants
  2 hounds
  A centaur skeleton (D:5)
  4 gnolls (D:6)
  6 adders
  2 shadow imps (D:6)
  3 oozes
  A worm (D:3)
  5 giant geckos
  21 orcs
  2 ball pythons (D:1)
  5 giant cockroaches
  10 hobgoblins
  3 jackals
  2 quokkas (D:3)
  3 bats
  2 giant cockroach zombies (D:5)
  A giant gecko zombie (D:5)
  5 giant newts
  10 goblins
  5 kobolds
  7 rats
  A bush (D:2)
  2 plants (D:2)
128 creatures vanquished.

Notes
Turn   | Place    | Note
--------------------------------------------------------------
     0 | D:1      | kosy22 the Gargoyle Fighter began the quest for the Orb.
     0 | D:1      | Reached XP level 1. HP: 14/14 MP: 1/1
   134 | D:1      | Reached XP level 2. HP: 17/19 MP: 2/2
   571 | D:2      | Reached skill level 4 in Fighting
   598 | D:2      | Reached XP level 3. HP: 24/24 MP: 3/3
   683 | D:2      | Found a sparkling altar of Nemelex Xobeh.
  1078 | D:2      | Found an ancient bone altar of Kikubaaqudgha.
  1157 | D:2      | Found an iron altar of Okawaru.
  1767 | D:3      | Reached XP level 4. HP: 22/29 MP: 4/4
  2485 | D:3      | Reached skill level 1 in Dodging
  2485 | D:3      | Reached XP level 5. HP: 33/33 MP: 5/5
  2761 | D:3      | Noticed a crocodile
  3246 | D:3      | Killed a crocodile
  3246 | D:3      | Reached skill level 1 in Stealth
  3546 | D:4      | Reached XP level 6. HP: 39/39 MP: 6/6
  3877 | D:4      | Found an oddly glowing altar of Pakellas.
  4017 | D:5      | Entered Level 5 of the Dungeon
  4037 | D:5      | Found a shattered altar of Ashenzari.
  4507 | D:5      | Reached skill level 5 in Shields
  4538 | D:5      | Noticed Eustachio
  4578 | D:5      | Killed Eustachio
  4578 | D:5      | Reached skill level 5 in Armour
  4578 | D:5      | Reached XP level 7. HP: 28/44 MP: 7/7
  5029 | D:5      | Found a burning altar of Makhleb.
  5685 | D:6      | Reached skill level 6 in Shields
  5685 | D:6      | Reached XP level 8. HP: 20/48 MP: 8/8
  5707 | D:6      | Reached skill level 1 in Short Blades
  5909 | D:6      | Reached skill level 5 in Fighting
  6113 | D:6      | Found a staircase to the Ecumenical Temple.
  6186 | Temple   | Entered the Ecumenical Temple
  6273 | Temple   | Became a worshipper of Qazlal Stormbringer
  6701 | D:6      | Found a blossoming altar of Fedhas.
  6776 | D:7      | Reached skill level 7 in Shields
  6958 | D:7      | Noticed a manticore
  6964 | D:7      | Reached XP level 9. HP: 33/54 MP: 9/9
  6974 | D:7      | Slain by a manticore

Vault maps used:
D:1:      saegor_arrival_simple_f
D:2:      lemuel_crystal_altar, nicolae_overflow_hidden_temple,
          okawaru_metal_pillars_1_2, first_bread, serial_forest,
          infiniplex_forest_end_2, infiniplex_forest_lined_room_,
          infiniplex_forest_straight_5, infiniplex_forest_corner_1,
          infiniplex_forest_clump_curved, infiniplex_forest_straight_5,
          infiniplex_forest_zigzag_1, infiniplex_forest_clump_small,
          infiniplex_forest_end_1
D:3:      moated_statue, st_stairs_11, minmay_fountain_box,
          columned_hall_lemuel, wad_orctagon
D:4:      johnstein_pakellas_dig, kennysheep_decorative_pillar
D:5:      nicolae_ashenzari_panopticon, lemuel_doored_altar, uniq_eustachio
D:6:      fedhas_altar_fruit_tree, temple_statues, minivault_24
Temple:   chequers_temple_sunken_temple

Action                   |  1- 3 |  4- 6 |  7- 9 || total
-------------------------+-------+-------+-------++-------
Melee: War axe           |   192 |   195 |       ||   387
       Rapier            |       |       |   232 ||   232
  Use: Scroll            |     1 |       |       ||     1
       Potion            |       |     1 |     1 ||     2
  Eat: Bread ration      |     1 |     1 |     2 ||     4
       Fruit             |       |     3 |     2 ||     5
       Chunk             |       |     1 |       ||     1
